 Dungeon Crawl Stone Soup version 0.30-a0-778-g2ef04afb54 (webtiles) character file.

Game seed: 15386479564866117604

260 Conn the Magician (level 5, -6/28 HPs)
             Began as a Deep Elf Fire Elementalist on Feb 16, 2023.
             Mangled by an iguana (9 damage)
             ... on level 4 of the Dungeon.
             The game lasted 00:06:37 (3734 turns).

Conn the Magician (Deep Elf Fire Elementalist)      Turns: 3734, Time: 00:06:38

Health: -6/28      AC:  4    Str:  5    XL:     5   Next: 95%
Magic:  14/14      EV: 12    Int: 22    God:
Gold:   183        SH:  4    Dex: 15    Spells: 4/14 levels left

rFire   . . .      SeeInvis .    s - +0 dagger (flame)
rCold   . . .      Faith    .    g - +0 buckler
rNeg    . . .      Spirit   .    a - +0 robe
rPois   +          Reflect  .    q - +0 hat
rElec   .          Harm     .    h - +0 cloak
rCorr   .          Rampage  .    j - +0 pair of gloves
Will    .....                    (no boots)
Stlth   ++                       (no amulet)
HPRegen 0.24/turn                i - +4 ring of slaying
MPRegen 0.14/turn                r - ring of poison resistance

@: no status effects
A: no striking features
a: no special abilities


You were on level 4 of the Dungeon.
You visited 2 branches of the dungeon, and saw 5 of its levels.

You collected 183 gold pieces.

Inventory:

Hand Weapons
 e - a +0 dagger
 s - a +0 dagger of flaming (weapon)
Missiles
 u - 2 throwing nets
Armour
 a - a +0 robe (worn)
 g - a +0 buckler (worn)
 h - a +0 cloak (worn)
 j - a +0 pair of gloves (worn)
 q - a +0 hat (worn)
Jewellery
 i - a +4 ring of slaying (left hand)
 r - a ring of poison resistance (right hand)
Wands
 n - a wand of paralysis (10)
 x - a wand of flame (20)
Scrolls
 c - a scroll of amnesia {unknown}
 k - a scroll of teleportation
 l - a scroll of magic mapping {unknown}
 p - a scroll of enchant armour {unknown}
 t - a scroll of silence {unknown}
 v - a scroll of fear {unknown}
 w - a scroll of identify {unknown}
Potions
 b - a potion of magic
 d - a potion of lignification {unknown}
 f - 3 potions of flight {unknown}
 m - a potion of might {unknown}
 o - a potion of cancellation {unknown}


   Skills:
 + Level 0.1 Short Blades
 + Level 2.5 Dodging
 + Level 3.1 Stealth
 * Level 1.2 Shields
 * Level 5.4 Spellcasting
 * Level 3.6 Conjurations
 + Level 4.1 Fire Magic


You had 4 spell levels left.
You knew the following spells:

 Your Spells              Type           Power      Damage    Failure   Level
a - Foxfire               Conj/Fire      92%        2x1d8     2%          1
c - Inner Flame           Hex/Fire       15%        N/A       16%         3
d - Flame Wave            Conj/Fire      23%        2d8       26%         4
e - Scorch                Fire           48%        2d7       3%          2

Your spell library contained the following spells:

 Spells                   Type           Power      Damage    Failure   Level
 Apportation              Tloc           10%        N/A       13%         1
 Kindle Blastsparks       Fire/Tloc/Air  24%        2d12      22%         3
 Petrify                  Tmut/Erth      5%         N/A       77%         4
 Alistair's Intoxication  Tmut/Pois      3%         N/A       98%         5
 Metabolic Englaciation   Hex/Ice        2%         N/A       98%         5
 Statue Form              Tmut/Erth      3%         N/A       100%        6


Dungeon Overview and Level Annotations

Branches:
Dungeon (4/15)             Temple (1/1) D:4

Altars:
Cheibriados
Dithmenos
Fedhas
Gozag
Hepliaklqana
Kikubaaqudgha
Makhleb
Nemelex Xobeh
Okawaru
Qazlal
Trog
Wu Jian
Zin


Message History

(D) Dungeon (T) Temple
Where to? (Enter - Temple, ? - help)
You open the door.
There is an open door here.
There is a staircase back to the Dungeon here.
You climb upwards.
Welcome back to the Dungeon!
There is a staircase to the Ecumenical Temple here. 2 jackals come into view.
The jackal barks!
You block the jackal's attack. The jackal closely misses you.
You hit the jackal. You burn the jackal.
You kill the jackal!
You barely miss the jackal.
The jackal bites you but does no damage.
You block the jackal's attack.
You puncture the jackal! You burn the jackal.
You kill the jackal!
You see here a jackal skeleton.
A hobgoblin comes into view.
The helpless hobgoblin fails to defend itself.
You puncture the hobgoblin! You burn the hobgoblin.
You kill the hobgoblin!
You see here a hobgoblin corpse.
Found a ring mail.
You see here a +0 ring mail.
An iguana comes into view.
Unknown command.
Unknown command.
The helpless iguana fails to defend itself.
You hit the iguana. You burn the iguana.
The iguana is moderately wounded.
The iguana bites you!
You hit the iguana. You burn the iguana.
The iguana is heavily wounded.
The iguana bites you!
* * * LOW HITPOINT WARNING * * *
You hit the iguana. You burn the iguana.
The iguana is almost dead.
The iguana bites you!
You die...

....
#.##.#
#..
#.#..#
#.##.#
### ..
....
#.##..
.#
#..#.
#.####
... .
#...#
...#
#...#
#...#
#...#
#@###
#l#
#.#
..#
###


You could see an iguana.

Vanquished Creatures
  A necrophage (D:4)
  A jelly (D:4)
  An orc wizard (D:3)
  Robin (D:3)
  4 adders
  3 worms
  A dart slug (D:4)
  4 orcs
  6 bats
  6 endoplasms
  5 giant cockroaches
  14 hobgoblins
  3 jackals (D:4)
  6 quokkas
  6 ball pythons
  8 goblins
  5 kobolds
  10 rats
85 creatures vanquished.

Vanquished Creatures (collateral kills)
  A foxfire (D:4)
1 creature vanquished.

Vanquished Creatures (others)
  237 foxfires
237 creatures vanquished.

Grand Total: 323 creatures vanquished

Notes
Turn   | Place    | Note
-------+----------+-------------------------------------------
     0 | D:1      | Conn the Deep Elf Fire Elementalist began the quest for the
                  | Orb.
     0 | D:1      | Reached XP level 1. HP: 10/10 MP: 6/6
   376 | D:1      | Reached XP level 2. HP: 15/15 MP: 5/8
  1069 | D:2      | Reached XP level 3. HP: 19/19 MP: 6/10
  1072 | D:2      | Learned a level 2 spell: Scorch
  1076 | D:2      | Learned a level 3 spell: Inner Flame
  1640 | D:2      | Reached skill level 4 in Spellcasting
  2281 | D:3      | Reached XP level 4. HP: 24/24 MP: 9/12
  2309 | D:3      | Found a faded altar of an unknown god.
  2594 | D:3      | Learned a level 4 spell: Flame Wave
  2600 | D:3      | Noticed Robin
  2612 | D:3      | Killed Robin
  2613 | D:3      | Reached XP level 5. HP: 28/28 MP: 3/14
  3275 | D:4      | Reached skill level 5 in Spellcasting
  3296 | D:4      | Found a staircase to the Ecumenical Temple.
  3365 | D:4      | Reached skill level 1 in Shields
  3388 | Temple   | Entered the Ecumenical Temple
  3734 | D:4      | Mangled by an iguana

Illustrated notes

Levels and vault maps discovered:
D:1:      arrival_zaba_pyramid, layout_basic
D:2:      layout_basic
D:3:      layout_loops_cross, shapermc_ecumenical_altar_notcrosses,
          minmay_misc_feat_enclosed, uniq_robin
D:4:      layout_basic, nicolae_vehumet_radiance,
          minmay_temple_entry_gardened_gates, nicolae_shop_gadgets
Temple:   nicolae_temple_figure_eight

Skill      XL: |  1  2  3  4  5 |
---------------+----------------+-----
Conjurations   | 2 3 |  3.6
Spellcasting   | 4 5 |  5.4
Fire Magic     | 4 |  4.1
Stealth        | 3 |  3.1
Shields        | 1 |  1.2
Short Blades   | |  0.1
Dodging        | |  2.5

Action                     |  1- 3 |  4- 6 || total
---------------------------+-------+-------++-------
  Melee: Dagger            |    38 |    31 ||    69
   Cast: Foxfire           |    88 |    54 ||   142
         Scorch            |       |     5 ||     5
    Use: Scroll            |       |     1 ||     1
   Stab: Sleeping          |     4 |     6 ||    10
 Armour: Robe              |    15 |     4 ||    19
  Dodge: Dodged            |    32 |    18 ||    50
  Block: Buckler           |       |     5 ||     5

Table legend: (Time is in decaauts)
 A = Elapsed time spent in this place.
 B = Non-inter-level travel time spent in this place.
 C = Inter-level travel time spent in this place.
 D = Time resting spent in this place.
 E = Time spent auto-exploring this place.
 F = Levels seen in this place.
 G = Mean time per level.
                   A        B        C        D        E       F      G
               +--------+--------+--------+--------+--------+-----+--------+
         Total |   3735 |   3651 |     84 |      0 |   2830 |   5 |  747.0 |
       Dungeon |   3455 |   3378 |     77 |      0 |   2615 |   4 |  863.8 |
        Temple |    279 |    272 |      7 |      0 |    215 |   1 |  279.0 |
               +--------+--------+--------+--------+--------+-----+--------+

Top non-repeatable levels by time:
     D:2: 1096 daAuts
     D:3: 1036 daAuts
     D:1: 976 daAuts
     D:4: 346 daAuts
  Temple: 279 daAuts
